PL
PHOENIX HOTSPUR @ PANAMA CITY PIRANHAS
05/31/2029
 
TOP OF THE 1ST
Phoenix Hotspur batting - Pitching for Panama City Piranhas : RHP Tobías Pérez
Pitching: RHP Tobías Pérez
Batting: LHB Francisco García 0-0: Foul Ball, location: 2F
0-1: Ball
1-1: Foul Ball, location: 2F
1-2: Ball
2-2: Ball
3-2: Hit by Pitch
Batting: RHB Kyle Bywaters 0-0: Ball
1-0: Swinging Strike
1-1: Grounds into double play, 6-4-3 (Groundball, 6)
Batting: SHB Jesús González 0-0: Ball
1-0: Foul Ball, location: 2F
1-1: Ball
2-1: Foul Ball, location: 2F
2-2: Ground out U3 (Groundball, 3S)
Top of the 1st over - 0 runs, 0 hits, 0 errors, 0 left on base; Phoenix 0 - Panama City 0
BOTTOM OF THE 1ST
Panama City Piranhas batting - Pitching for Phoenix Hotspur : RHP Jaime van de Weideven
Pitching: RHP Jaime van de Weideven
Batting: RHB Cale Sutton 0-0: Fly out, F9 (Flyball, 9D)
Batting: RHB Baldomero Avino 0-0: Ball
1-0: Fly out, F8 (Flyball, 8LXD)
Batting: RHB Armando Alvarado 0-0: Fly out, F8 (Flyball, 89S)
Bottom of the 1st over - 0 runs, 0 hits, 0 errors, 0 left on base; Phoenix 0 - Panama City 0
TOP OF THE 2ND
Phoenix Hotspur batting - Pitching for Panama City Piranhas : RHP Tobías Pérez
Batting: LHB Mario Cruz 0-0: Ball
1-0: Called Strike
1-1: Fly out, F7 (Flyball, 7)
Batting: LHB Shojiro Ueda 0-0: Called Strike
0-1: Ground out 6-3 (Groundball, 6)
Batting: RHB Alex Niemann 0-0: Ground out 6-3 (Groundball, 6)
Top of the 2nd over - 0 runs, 0 hits, 0 errors, 0 left on base; Phoenix 0 - Panama City 0
BOTTOM OF THE 2ND
Panama City Piranhas batting - Pitching for Phoenix Hotspur : RHP Jaime van de Weideven
Batting: RHB Juan Jose Ayala 0-0: Called Strike
0-1: Foul Ball, location: 2F
0-2: Ball
1-2: Ball
2-2: Ball
3-2: Strikes out swinging
Batting: LHB Sergio Muñóz 0-0: Ball
1-0: DOUBLE (Line Drive, 7D)
Batting: RHB Andy Putman 0-0: Foul Ball, location: 2F
0-1: Swinging Strike
0-2: Ball
1-2: Ground out 6-3 (Groundball, 6)
Sergio Muñóz to third
Batting: LHB Jack Sutherland 0-0: Called Strike
0-1: Called Strike
0-2: Foul Ball, location: 2F
0-2: Ball
1-2: Fly out, F7 (Flyball, 7LD)
Bottom of the 2nd over - 0 runs, 1 hit, 0 errors, 1 left on base; Phoenix 0 - Panama City 0
TOP OF THE 3RD
Phoenix Hotspur batting - Pitching for Panama City Piranhas : RHP Tobías Pérez
Batting: RHB Ted Cook 0-0: Ball
1-0: Ball
2-0: Called Strike
2-1: Ground out 1-3 (Groundball, 13)
Batting: RHB Pierre Bernard 0-0: Ball
1-0: SINGLE (Groundball, 15) (infield hit)
Batting: RHB Ed Sharp 0-0: Called Strike
0-1: Ball
1-1: Swinging Strike
1-2: Ball
2-2: Ball
3-2: Ground out 5-3 (Groundball, 56)
Pierre Bernard to second
Batting: LHB Francisco García 0-0: Called Strike
0-1: Ball
1-1: Fly out, F6 (Line Drive, 6M)
Top of the 3rd over - 0 runs, 1 hit, 0 errors, 1 left on base; Phoenix 0 - Panama City 0
BOTTOM OF THE 3RD
Panama City Piranhas batting - Pitching for Phoenix Hotspur : RHP Jaime van de Weideven
Batting: RHB Rob Gray 0-0: Called Strike
0-1: Ball
1-1: SINGLE (Groundball, 56D)
Batting: RHB JoJo Victory 0-0: Called Strike
0-1: Ball
1-1: SINGLE (Groundball, 6) (infield hit)
Rob Gray to second
Batting: RHB Cale Sutton 0-0: Called Strike
0-1: Foul Ball, location: 2F
0-2: Strikes out swinging
Batting: RHB Baldomero Avino 0-0: Ball
1-0: Foul Ball, location: 2F
1-1: Ball
2-1: Ball
3-1: Foul Ball, location: 2F
3-2: Grounds into double play, 6-4-3 (Groundball, 6)
Bottom of the 3rd over - 0 runs, 2 hits, 0 errors, 1 left on base; Phoenix 0 - Panama City 0
TOP OF THE 4TH
Phoenix Hotspur batting - Pitching for Panama City Piranhas : RHP Tobías Pérez
Batting: RHB Kyle Bywaters 0-0: Ball
1-0: Called Strike
1-1: Ball
2-1: Foul Ball, location: 2F
2-2: Ball
3-2: Foul Ball, location: 2F
3-2: Base on Balls
Batting: SHB Jesús González 0-0: Ball
1-0: Grounds into double play, 4-6-3 (Groundball, 4)
Batting: LHB Mario Cruz 0-0: Ground out 1-3 (Groundball, 13)
Top of the 4th over - 0 runs, 0 hits, 0 errors, 0 left on base; Phoenix 0 - Panama City 0
BOTTOM OF THE 4TH
Panama City Piranhas batting - Pitching for Phoenix Hotspur : RHP Jaime van de Weideven
Batting: RHB Armando Alvarado 0-0: Called Strike
0-1: Called Strike
0-2: Ball
1-2: Strikes out swinging
Batting: RHB Juan Jose Ayala 0-0: Ball
1-0: Ground out U3 (Groundball, 3)
Batting: LHB Sergio Muñóz 0-0: Called Strike
0-1: Called Strike
0-2: Ball
1-2: Foul Ball, location: 2F
1-2: Strikes out swinging
Bottom of the 4th over - 0 runs, 0 hits, 0 errors, 0 left on base; Phoenix 0 - Panama City 0
TOP OF THE 5TH
Phoenix Hotspur batting - Pitching for Panama City Piranhas : RHP Tobías Pérez
Batting: LHB Shojiro Ueda 0-0: Called Strike
0-1: Ball
1-1: Foul Ball, location: 2F
1-2: Ground out 6-3 (Groundball, 6M)
Batting: RHB Alex Niemann 0-0: Ground out 4-3 (Groundball, 4)
Batting: RHB Ted Cook 0-0: Foul Ball, location: 2F
0-1: Fly out, F8 (Flyball, 8LM)
Top of the 5th over - 0 runs, 0 hits, 0 errors, 0 left on base; Phoenix 0 - Panama City 0
BOTTOM OF THE 5TH
Panama City Piranhas batting - Pitching for Phoenix Hotspur : RHP Jaime van de Weideven
Batting: RHB Andy Putman 0-0: Ball
1-0: Ball
2-0: Ball
3-0: Base on Balls
Batting: LHB Jack Sutherland 0-0: Ball
1-0: Fly out, F6 (Popup, 6M)
Batting: RHB Rob Gray 0-0: Ball
1-0: Swinging Strike
1-1: Swinging Strike
1-2: Ball
2-2: Strikes out swinging
Batting: RHB JoJo Victory 0-0: Swinging Strike
0-1: Foul Ball, location: 2F
0-2: Foul Ball, location: 2F
0-2: Strikes out swinging
Bottom of the 5th over - 0 runs, 0 hits, 0 errors, 1 left on base; Phoenix 0 - Panama City 0
TOP OF THE 6TH
Phoenix Hotspur batting - Pitching for Panama City Piranhas : RHP Tobías Pérez
Batting: RHB Pierre Bernard 0-0: Called Strike
0-1: Swinging Strike
0-2: Strikes out looking
Batting: RHB Ed Sharp 0-0: Ball
1-0: Ball
2-0: Called Strike
2-1: Ball
3-1: Fly out, F8 (Flyball, 8LS)
Batting: LHB Francisco García 0-0: Foul Ball, location: 2F
0-1: Ball
1-1: Fly out, F8 (Flyball, 8LM)
Top of the 6th over - 0 runs, 0 hits, 0 errors, 0 left on base; Phoenix 0 - Panama City 0
BOTTOM OF THE 6TH
Panama City Piranhas batting - Pitching for Phoenix Hotspur : RHP Jaime van de Weideven
Batting: RHB Cale Sutton 0-0: Called Strike
0-1: Ball
1-1: Swinging Strike
1-2: Ball
2-2: Fly out, F4 (Popup, 4M)
Batting: RHB Baldomero Avino 0-0: Foul Ball, location: 2F
0-1: Ball
1-1: Ball
2-1: Foul Ball, location: 2F
2-2: Ground out 6-3 (Groundball, 6)
Batting: RHB Armando Alvarado 0-0: Called Strike
0-1: Fly out, F7 (Flyball, 7S)
Bottom of the 6th over - 0 runs, 0 hits, 0 errors, 0 left on base; Phoenix 0 - Panama City 0
TOP OF THE 7TH
Phoenix Hotspur batting - Pitching for Panama City Piranhas : RHP Tobías Pérez
Batting: RHB Kyle Bywaters 0-0: Ball
1-0: Called Strike
1-1: Called Strike
1-2: SINGLE (Groundball, 4MD)
Batting: SHB Jesús González 0-0: Called Strike
0-1: Ball
1-1: Called Strike
1-2: Strikes out swinging
Batting: LHB Mario Cruz 0-0: Ball
1-0: Ball
Kyle Bywaters steals 2nd base
2-0: Called Strike
2-1: Ball
3-1: Fly out, F9 (Flyball, 9D)
Runner from 2nd tags up, SAFE at 3rd, no throw
Batting: LHB Shojiro Ueda 0-0: DOUBLE (Line Drive, 89D)
Kyle Bywaters scores
Pinch Runner at 2nd Luis Díaz:
Batting: RHB Alex Niemann 0-0: Ball
1-0: Ball
2-0: Foul Ball, location: 2F
2-1: Swinging Strike
2-2: Ball
3-2: Foul Ball, location: 2F
3-2: Ground out 5-3 (Groundball, 56)
Top of the 7th over - 1 run, 2 hits, 0 errors, 1 left on base; Phoenix 1 - Panama City 0
BOTTOM OF THE 7TH
Panama City Piranhas batting - Pitching for Phoenix Hotspur : RHP Jaime van de Weideven
Batting: RHB Juan Jose Ayala 0-0: Called Strike
0-1: Ball
1-1: Ball
2-1: Called Strike
2-2: Hit by Pitch
Batting: LHB Sergio Muñóz 0-0: Ball
1-0: Ball
2-0: Called Strike
2-1: Grounds into double play, 5-4-3 (Groundball, 5D)
Batting: RHB Andy Putman 0-0: Ball
1-0: SINGLE (Groundball, 6MD)
Batting: LHB Jack Sutherland 0-0: Foul Ball, location: 2F
0-1: Foul Ball, location: 2F
0-2: Ball
1-2: Ball
2-2: Foul Ball, location: 2F
2-2: SINGLE (Groundball, 6S) (infield hit)
Andy Putman to second
Batting: RHB Rob Gray 0-0: Fielders Choice at 2nd, 6-4 (Groundball, 6)
Bottom of the 7th over - 0 runs, 2 hits, 0 errors, 2 left on base; Phoenix 1 - Panama City 0
TOP OF THE 8TH
Phoenix Hotspur batting - Pitching for Panama City Piranhas : RHP Tobías Pérez
Batting: RHB Ted Cook 0-0: Ball
1-0: Ball
2-0: Called Strike
2-1: Swinging Strike
2-2: Foul Ball, location: 2F
2-2: Foul Ball, location: 2F
2-2: Strikes out looking
Batting: RHB Pierre Bernard 0-0: Foul Ball, location: 2F
0-1: Ball
1-1: Called Strike
1-2: Foul Ball, location: 2F
1-2: Ground out 6-3 (Groundball, 6M)
Batting: RHB Ed Sharp 0-0: Ball
1-0: Foul Ball, location: 2F
1-1: Ball
2-1: Foul Ball, location: 2F
2-2: SINGLE (Groundball, 6MD)
Pitching: RHP Anderson O'Mara
Batting: LHB Francisco García 0-0: Ball
1-0: Ball
2-0: Ball
3-0: Base on Balls
Ed Sharp to second
Batting: RHB Kyle Bywaters 0-0: Ball
1-0: Ball
2-0: Ball
3-0: Base on Balls
Ed Sharp to third
Francisco García to second
Batting: SHB Jesús González 0-0: Ball
1-0: Ball
2-0: Ball
3-0: Called Strike
3-1: DOUBLE (Line Drive, 9LM)
Ed Sharp scores
Francisco García scores
Kyle Bywaters to third
Runner from 3rd tries for Home, SAFE, throw made at trailing runner, OUT at third!
Top of the 8th over - 3 runs, 2 hits, 0 errors, 0 left on base; Phoenix 4 - Panama City 0
BOTTOM OF THE 8TH
Panama City Piranhas batting - Pitching for Phoenix Hotspur : RHP Jaime van de Weideven
Batting: RHB JoJo Victory 0-0: Fly out, F7 (Flyball, 7S)
Batting: RHB Cale Sutton 0-0: Ball
1-0: Foul Ball, location: 2F
1-1: Fly out, F8 (Flyball, 8RD)
Batting: RHB Baldomero Avino 0-0: Swinging Strike
0-1: Swinging Strike
0-2: Ball
1-2: Ball
2-2: SINGLE (Line Drive, 6M)
Batting: RHB Armando Alvarado 0-0: Called Strike
0-1: Foul Ball, location: 2F
0-2: Ball
1-2: Strikes out swinging
Bottom of the 8th over - 0 runs, 1 hit, 0 errors, 1 left on base; Phoenix 4 - Panama City 0
TOP OF THE 9TH
Phoenix Hotspur batting - Pitching for Panama City Piranhas : RHP Anderson O'Mara
Pitching: RHP Edgardo Nava
Batting: LHB Mario Cruz 0-0: Ball
1-0: Ball
2-0: Ball
3-0: Called Strike
3-1: Base on Balls
Batting: LHB Luis Díaz 0-0: Foul Ball, location: 2F
0-1: Swinging Strike
0-2: Strikes out swinging
Batting: RHB Alex Niemann 0-0: Fly out, F4 (Popup, 4)
Batting: RHB Ted Cook 0-0: Called Strike
0-1: Called Strike
0-2: Ball
1-2: 2-RUN HOME RUN (Flyball, 7D), Distance : 355 ft
Batting: RHB Pierre Bernard 0-0: Called Strike
0-1: Ball
1-1: Fly out, F9 (Flyball, 9S)
Top of the 9th over - 2 runs, 1 hit, 0 errors, 0 left on base; Phoenix 6 - Panama City 0
BOTTOM OF THE 9TH
Panama City Piranhas batting - Pitching for Phoenix Hotspur : RHP Jaime van de Weideven
Batting: RHB Juan Jose Ayala 0-0: Called Strike
0-1: Ball
1-1: Foul Ball, location: 2F
1-2: Foul Ball, location: 2F
1-2: Ball
2-2: Foul Ball, location: 2F
2-2: Ball
3-2: Base on Balls
Pitching: RHP Adam Garrison
Batting: LHB Sergio Muñóz 0-0: Called Strike
0-1: Ball
1-1: Foul Ball, location: 2F
1-2: Ball
2-2: Strikes out swinging
Batting: RHB Andy Putman 0-0: Called Strike
0-1: Ball
1-1: Fly out, F9 (Flyball, 9S)
Batting: LHB Jack Sutherland 0-0: Foul Ball, location: 2F
0-1: Ball
1-1: Foul Ball, location: 2F
1-2: Strikes out looking
Bottom of the 9th over - 0 runs, 0 hits, 0 errors, 1 left on base; Phoenix 6 - Panama City 0
Tuesday, December 19th, 2017 - OOTP Baseball 18.8 Build 76